 Dungeon Crawl Stone Soup version 0.26-a0-812-g31a745ddcd (webtiles) character file.

Game seed: 12933215486002060829

6460 Apogee the Transmogrifier (level 10, -4/81 HPs)
             Began as a Pale Draconian Transmuter on Nov 19, 2020.
             Was a Priest of Vehumet.
             Slain by a vampire (14 damage)
             ... on level 10 of the Dungeon.
             The game lasted 00:20:35 (11530 turns).

Apogee the Transmogrifier (DrTm)                   Turns: 11530, Time: 00:20:35

Health: -4/81      AC:  7    Str: 13    XL:     10   Next: 67%
Magic:  22/22      EV: 16    Int: 14    God:    Vehumet [***...]
Gold:   501        SH:  0    Dex: 20    Spells: 15/25 levels left

rFire    . . .     SeeInvis .     - Unarmed
rCold    . . .     Faith    .   (shield currently unavailable)
rNeg     . . .     Spirit   .   (armour unavailable)
rPois    .         Reflect  .   (helmet restricted)
rElec    .         Harm     .   (no cloak)
rCorr    .         Rampage  .   (gloves currently unavailable)
MR       +....                  (no boots)
Stlth    ++........             (no amulet)
HPRegen  0.23/turn              l - ring of protection from magic
MPRegen  0.18/turn              w - +6 ring of dexterity

@: about to teleport, short of breath, blade hands (expiring)
A: breathe steam, unfitting armour, cold-blooded, AC +7
a: Breathe Steam, End Transformation, Renounce Religion


You were on level 10 of the Dungeon.
You worshipped Vehumet.
Vehumet was most pleased with you.
You had blades for hands.
You visited 2 branches of the dungeon, and saw 11 of its levels.

You collected 501 gold pieces.

Inventory:

Hand Weapons
 P - the +9 lance "Wyrmbane" {slay drac, rPois rF+ rC+ AC+3}
   (You took it off Maggie on level 9 of the Dungeon)

   It affects your AC (+3).
   It protects you from fire.
   It protects you from cold.
   It protects you from poison.
Missiles
 q - 3 curare-tipped darts (quivered) {!f}
Jewellery
 l - a ring of protection from magic (left scythe-like blade)
   (You found it on level 4 of the Dungeon)
 w - a +6 ring of dexterity (right scythe-like blade)
   (You found it on level 4 of the Dungeon)
 y - a +4 ring of evasion {unknown}
   (You found it on level 5 of the Dungeon)
 G - an uncursed amulet of guardian spirit {unknown}
   (You found it on level 7 of the Dungeon)
 H - an uncursed ring of poison resistance {unknown}
   (You found it on level 7 of the Dungeon)
 K - an uncursed amulet of faith {!P}
   (You took it off an orc wizard on level 8 of the Dungeon)
 L - an uncursed ring of ice
   (You found it on level 3 of the Dungeon)
 N - an uncursed ring of protection from magic
   (You found it on level 9 of the Dungeon)
Wands
 c - a wand of disintegration (15)
   (You found it on level 8 of the Dungeon)
 d - a wand of iceblast (16)
   (You found it on level 4 of the Dungeon)
 t - a wand of flame (16)
   (You took it off an orc on level 8 of the Dungeon)
 v - a wand of digging (4)
   (You found it on level 4 of the Dungeon)
 x - a wand of acid (26)
   (You found it on level 5 of the Dungeon)
 B - a wand of polymorph (17)
   (You found it on level 5 of the Dungeon)
Scrolls
 a - 2 scrolls of fear {unknown}
 b - 8 scrolls of identify {@r1}
 f - a scroll of blinking {unknown}
 g - 9 scrolls of teleportation {@r4}
 h - 4 scrolls of remove curse {unknown}
 m - a scroll of fog {unknown}
 p - 2 scrolls of magic mapping {unknown}
 u - 5 scrolls of amnesia {unknown}
 A - 4 scrolls of immolation {unknown}
 C - 3 scrolls of enchant weapon {unknown}
 F - 2 scrolls of random uselessness {unknown}
 J - 2 scrolls of enchant armour {unknown}
 M - a scroll of torment {unknown}
Potions
 e - 3 potions of lignification {unknown}
 i - a potion of magic {unknown}
 j - a potion of curing {@q1}
 k - 2 potions of degeneration {unknown}
 n - 3 potions of brilliance {unknown}
 o - a potion of heal wounds {unknown}
 r - a potion of attraction {unknown}
 s - a potion of berserk rage {unknown}
 z - 2 potions of resistance {unknown}
 D - 2 potions of ambrosia {unknown}
 E - 2 potions of haste {unknown}
 I - 3 potions of flight {unknown}
 O - a potion of mutation {unknown}
 Q - a potion of invisibility {unknown}


   Skills:
 - Level 5.0 Fighting
 + Level 5.8 Dodging
 - Level 8.0 Unarmed Combat
 - Level 8.0 Spellcasting
 - Level 2.0 Translocations
 - Level 8.0 Transmutations
 - Level 2.0 Poison Magic
 - Level 4.0 Evocations


You had 15 spell levels left.
You knew the following spells:

 Your Spells              Type           Power        Failure   Level
a - Beastly Appendage     Tmut           ####..       12%         1
b - Blade Hands           Tmut           ####......   52%         5
c - Apportation           Tloc           ##....       34%         1
x - Spider Form           Tmut/Pois      ###.......   32%         3

Your spell library contained the following spells:

 Spells                   Type           Power        Failure   Level
 Fulminant Prism          Conj/Hex       #.........   58%         4
 Wereblood                Tmut           ####....     13%         2
 Animate Skeleton         Necr           #.....       52%         1
 Corona                   Hex            #......      52%         1
 Summon Small Mammal      Summ           #...         52%         1
 Ice Form                 Ice/Tmut       ###.....     67%         4


Dungeon Overview and Level Annotations

Branches:
Dungeon (10/15)            Temple (1/1) D:4             Orc (0/2) D:9
   Lair: D:8-11

Altars:
Ashenzari
Cheibriados
Dithmenos
Elyvilon
Fedhas
Gozag
Hepliaklqana
Kikubaaqudgha
Makhleb
Nemelex Xobeh
Okawaru
Qazlal
Ru
Uskayaw
Vehumet
Wu Jian
Xom
The Shining One

Annotations:
D:7 Harold


Innate Abilities, Weirdness & Mutations

You can breathe blasts of scalding, opaque steam.
Your pale cyan-grey scales are hard. (AC +7)
You cannot fit into any form of body armour.
You are cold-blooded and may be slowed by cold attacks.


Message History

Vehumet accepts your kill.
Training target 8.0 for Spellcasting reached!
Your Spellcasting skill increases to level 8!
The worker ant is engulfed in a cloud of scalding steam.
You kill the worker ant!
Vehumet accepts your kill.
You feel your power returning. Vehumet accepts your kill.
You feel a bit more experienced.
Unknown command.
You swing at nothing.
The vampire is engulfed in a cloud of scalding steam.
The vampire casts a spell.
The vampire flickers and vanishes!
Deactivating autopickup; reactivate with Ctrl-A.
You slice the worker ant!!
You kill the worker ant!
Vehumet accepts your kill.
You swing at nothing.
Unknown command.
You swing at nothing.
You closely miss something.
Your transformation is almost over.
Something hits you. Something bites you.
Something draws strength from your injuries!
You swing at nothing.
Something hits you. Something bites you.
Something draws strength from your injuries!
You barely miss something. You tail-slap something. Something hits you.
* * * LOW HITPOINT WARNING * * *
Something bites you!
* * * LOW HITPOINT WARNING * * *
Something draws strength from your injuries!
A worker ant comes into view.
As you read the scroll labelled GIPRICLO RU YSOY, it crumbles to dust.
It is a scroll of identify.
g - 10 scrolls of teleportation Something hits you!
* * * LOW HITPOINT WARNING * * *
Something barely misses you.
As you read the scroll of teleportation {@r4}, it crumbles to dust.
You feel strangely unstable.
Unholy energy fills the air.
* * * LOW HITPOINT WARNING * * *
You are too injured to fight recklessly!
You feel better. Something hits you!
You die...

.. . .. .#.# #..
.#. .. B.# .. ..
.# #† .# ### #†#.#
. #.# #.# ##@#
.###.# #.# #..#
.....# #.###..#
.....# #......#
..#..# #......#
..#..# #..##!.#
..#..######..##..#
..#..........##..#
..#...####...##..#


You could see a worker ant.

Vanquished Creatures
  Erica (D:8)
  A queen ant (D:10)
  A deep elf mage (D:9)
  Maggie (D:9)
  A troll (D:9)
  Eustachio (D:4)
  4 soldier ants (D:10)
  A water moccasin (D:9)
  2 ice beasts
  2 sky beasts
  A hornet zombie (D:8)
  An orc warrior (D:8)
  4 ogres
  3 phantoms
  2 centaurs
  2 wolves (D:10)
  4 bullfrogs
  A wyvern skeleton (D:10)
  2 scorpions
  An electric eel (D:10)
  3 wights (D:7)
  A howler monkey (D:6)
  2 bullfrog zombies (D:8)
  2 jellies (D:6)
  A gnoll shaman (D:8)
  3 orc priests
  2 bullfrog skeletons
  4 hounds
  A centaur skeleton (D:6)
  9 orc wizards
  2 iguanas
  15 worker ants
  A killer bee zombie (D:8)
  Robin (D:3)
  11 gnolls
  9 adders
  A shadow imp (D:8)
  3 ufetubi
  An adder zombie (D:5)
  4 worms
  4 dart slugs
  A leopard gecko (D:2)
  36 orcs
  4 giant cockroaches
  8 hobgoblins
  23 jackals
  2 quokkas
  A ball python (D:1)
  6 bats
  4 frilled lizards
  16 goblins
  13 kobolds
  A leopard gecko skeleton (D:5)
  11 rats
242 creatures vanquished.

Notes
Turn   | Place    | Note
-------+----------+-------------------------------------------
     0 | D:1      | Apogee the Draconian Transmuter began the quest for the
                  | Orb.
     0 | D:1      | Reached XP level 1. HP: 16/16 MP: 3/3
   234 | D:1      | Reached XP level 2. HP: 23/23 MP: 3/5
  1002 | D:1      | Reached XP level 3. HP: 29/29 MP: 6/6
  1681 | D:2      | Found a burning altar of Makhleb.
  1742 | D:2      | Reached XP level 4. HP: 8/36 MP: 7/7
  2014 | D:2      | Found a glowing golden altar of the Shining One.
  2848 | D:3      | Reached XP level 5. HP: 21/42 MP: 9/9
  3709 | D:3      | Learned a level 3 spell: Spider Form
  4239 | D:4      | Noticed Robin
  4689 | D:3      | Killed Robin
  4689 | D:3      | Reached XP level 6. HP: 32/51 MP: 10/10
  5084 | D:4      | Noticed Eustachio
  5096 | D:4      | Killed Eustachio
  5096 | D:4      | Reached skill level 1 in Poison Magic
  5222 | D:4      | Found a sparkling altar of Nemelex Xobeh.
  5263 | D:4      | Your scales start taking on a pale cyan-grey colour.
  5263 | D:4      | Reached XP level 7. HP: 57/57 MP: 7/12
  5339 | D:4      | Found a shimmering altar of Xom.
  5339 | D:4      | Found a shimmering altar of Xom.
  5339 | D:4      | Found a staircase to the Ecumenical Temple.
  5339 | D:4      | Found a shimmering altar of Xom.
  5356 | D:4      | Reached skill level 5 in Transmutations
  5398 | Temple   | Entered the Ecumenical Temple
  5430 | Temple   | Became a worshipper of Vehumet
  5644 | D:5      | Entered Level 5 of the Dungeon
  6564 | D:5      | Reached * piety under Vehumet
  6564 | D:5      | Offered knowledge of Sandblast by Vehumet.
  6939 | D:6      | Reached skill level 5 in Unarmed Combat
  6939 | D:6      | Reached XP level 8. HP: 52/67 MP: 11/14
  7252 | D:6      | Reached skill level 5 in Fighting
  7994 | D:6      | Reached skill level 1 in Evocations
  8277 | D:7      | Reached ** piety under Vehumet
  8278 | D:7      | Offered knowledge of Freeze by Vehumet.
  9085 | D:7      | Noticed Harold
  9288 | D:7      | Reached XP level 9. HP: 24/74 MP: 15/15
  9770 | D:8      | Noticed Erica
  9798 | D:8      | Killed Erica
  9798 | D:8      | Reached skill level 5 in Spellcasting
  9934 | D:8      | Learned a level 5 spell: Blade Hands
  9969 | D:8      | Learned a level 1 spell: Apportation
 10441 | D:8      | Found a hazy altar of Hepliaklqana.
 10441 | D:8      | Found a hide-covered altar of Uskayaw.
 10482 | D:9      | Reached skill level 1 in Translocations
 10511 | D:9      | Found an ancient bone altar of Kikubaaqudgha.
 10679 | D:9      | Offered knowledge of Static Discharge by Vehumet.
 10702 | D:9      | Noticed Maggie
 10712 | D:9      | Killed Maggie
 10712 | D:9      | Reached XP level 10. HP: 60/81 MP: 11/19
 11106 | D:9      | Noticed a deep elf mage
 11140 | D:9      | Killed a deep elf mage
 11198 | D:9      | Found a staircase to the Orcish Mines.
 11318 | D:9      | Reached *** piety under Vehumet
 11377 | D:10     | Entered Level 10 of the Dungeon
 11499 | D:10     | Noticed a queen ant
 11517 | D:10     | Offered knowledge of Fulminant Prism by Vehumet.
 11517 | D:10     | Reached skill level 5 in Dodging
 11520 | D:10     | Killed a queen ant
 11529 | D:10     | HP: 2/81 [something/vampiric draining (19)]
 11530 | D:10     | Slain by a vampire

Illustrated notes

Levels and vault maps discovered:
D:1:      matt_arrival_debris, layout_basic, kennysheep_decorative_pillar
D:2:      layout_rooms, lemuel_crystal_altar, lemuel_crystal_altar,
          serial_aquarium, aquarium_bridge_island_small
          [aquarium_subvault_small_open, aquarium_subvault_bridge,
          aquarium_subvault_window, aquarium_subvault_window,
          aquarium_subvault_bridge], aquarium_window_1,
          aquarium_window_corridor_2, aquarium_view_2c, aquarium_view_2a
D:3:      layout_basic, minmay_hedge_maze
D:4:      layout_rooms, nemelex_altar_shiori,
          minmay_temple_entry_statues_fountains, xom_redecorated, uniq_robin,
          uniq_eustachio
D:5:      layout_basic, grunt_ministairs_13
D:6:      layout_basic, ebering_dispersal_statue_hall, mrwooster_statue_mirror,
          minmay_misc_feat_five, minmay_puff
D:7:      layout_cave_pools, uniq_harold
D:8:      layout_rooms, gammafunk_temple_overflow_statue, uniq_erica
D:9:      layout_roguey, kiku_gazebo_pond_becter, orc_0_dummy, uniq_maggie
D:10:     layout_long_grid, serial_ice, serial_ice_d, serial_ice_f,
          serial_ice_k, serial_ice_g, zaba_anthell
Temple:   nicolae_temple_elliptical

Skill      XL: |  1  2  3  4  5  6  7  8  9 10 |
---------------+-------------------------------+-----
Fighting       | 2 3 4 5 |  5.0
Transmutations | 3 4 6 8 |  8.0
Spellcasting   | 3 4 6 8 |  8.0
Unarmed Combat | 4 5 8 |  8.0
Poison Magic   | 1 2 |  2.0
Evocations     | 2 4 |  4.0
Dodging        | 3 5 |  5.8
Translocations | 2 |  2.0

Action                   |  1- 3 |  4- 6 |  7- 9 | 10-12 || total
-------------------------+-------+-------+-------+-------++-------
Melee: Unarmed           |   160 |   201 |   285 |    50 ||   696
       Tailslap          |    16 |    19 |    43 |     7 ||    85
       Headbutt          |     5 |    25 |    57 |     5 ||    92
       Punch             |     3 |     3 |     8 |     2 ||    16
       Kick              |    11 |    36 |    70 |     5 ||   122
 Cast: Beastly Appendage |    22 |    22 |    45 |     5 ||    94
       Spider Form       |       |     3 |       |       ||     3
       Blade Hands       |       |       |     1 |     2 ||     3
 Abil: Breathe Steam     |       |       |    24 |    11 ||    35
Evoke: Wand              |       |       |     2 |       ||     2
  Use: Potion            |     2 |     1 |       |     2 ||     5
       Scroll            |       |       |       |     2 ||     2
 Stab: Sleeping          |       |     1 |     2 |       ||     3
       Distracted        |       |       |     1 |       ||     1
Armor: Skin              |    50 |    47 |    57 |    11 ||   165
Dodge: Dodged            |    97 |   138 |   155 |    32 ||   422

Table legend: (Time is in decaauts)
 A = Elapsed time spent in this place.
 B = Non-inter-level travel time spent in this place.
 C = Inter-level travel time spent in this place.
 D = Time resting spent in this place.
 E = Time spent auto-exploring this place.
 F = Levels seen in this place.
 G = Mean time per level.
                   A        B        C        D        E       F      G
               +--------+--------+--------+--------+--------+-----+--------+
         Total |  11478 |  11198 |    280 |   2416 |   6839 |  11 | 1043.5 |
       Dungeon |  11420 |  11164 |    256 |   2416 |   6815 |  10 | 1142.0 |
        Temple |     57 |     33 |     24 |      0 |     24 |   1 |   57.0 |
               +--------+--------+--------+--------+--------+-----+--------+

Top non-repeatable levels by time:
     D:3: 1744 daAuts
     D:1: 1538 daAuts
     D:2: 1480 daAuts
     D:6: 1422 daAuts
     D:7: 1304 daAuts
     D:5: 1115 daAuts
     D:8: 962 daAuts
     D:9: 893 daAuts
     D:4: 807 daAuts
    D:10: 150 daAuts
  Temple: 57 daAuts
